 Dungeon Crawl Stone Soup version 0.28-a0-628-g3c9886e45e (webtiles) character file.

Game seed: 15068029171555559137

249 kae the Ruffian (level 5, -4/51 (53) HPs)
             Began as a Troll Fighter on Oct 8, 2021.
             Slain by a wight (10 damage)
             ... on level 6 of the Dungeon.
             The game lasted 00:01:54 (2241 turns).

kae the Ruffian (Troll Fighter)                     Turns: 2241, Time: 00:01:54

HP:   -4/51 (53)    AC:  4    Str: 25    XL:     5   Next: 87%
MP:   4/4           EV: 10    Int:  4    God:
Gold: 104           SH:  0    Dex:  9    Spells: 4/4 levels left

rFire   . . .      SeeInvis .     - Unarmed
rCold   . . .      Faith    .   (no shield)
rNeg    . . .      Spirit   .   a - +0 robe
rPois   .          Reflect  .   (helmet restricted)
rElec   .          Harm     .   (no cloak)
rCorr   .          Rampage  .   (gloves unavailable)
Will    .....                   (boots unavailable)
Stlth   +.........              (no amulet)
HPRegen 1.17/turn               (no ring)
MPRegen 0.09/turn               (no ring)

@: about to teleport, lightly drained
A: large, unfitting armour, claws 3, regeneration 1, shaggy fur 1, tough skin 1
a: no special abilities


You were on level 6 of the Dungeon.
You visited 1 branch of the dungeon, and saw 5 of its levels.

You collected 104 gold pieces.

Inventory:

Missiles
 g - 2 throwing nets (quivered)
Armour
 a - a +0 robe (worn)
 b - a +0 kite shield
Jewellery
 i - an amulet of the acrobat
 p - a +6 ring of strength
 q - a ring of see invisible
Wands
 m - a wand of charming (7)
Scrolls
 o - a scroll of identify
 r - a scroll of enchant weapon
Potions
 c - a potion of might
 d - 6 potions of haste
 e - a potion of resistance
 f - a potion of invisibility
 j - 2 potions of magic
 k - a potion of ambrosia
 l - 2 potions of attraction


   Skills:
 + Level 3.4 Fighting
 + Level 3.4 Dodging
 - Level 2.4 Shields
 * Level 4.5 Unarmed Combat


You had 4 spell levels left.
You didn't know any spells.
Your spell library was empty.

Dungeon Overview and Level Annotations

Branches:
Dungeon (4/15)
 Temple: D:4-7

Altars:
Sif Muna
Xom


Innate Abilities, Weirdness & Mutations

You are too large for most types of armour.
You have claws for hands.
Your natural rate of healing is unusually fast.
You are covered in fur. (AC +1)
You have tough skin. (AC +1)


Message History

A quokka is nearby!
A quokka is nearby!
A quokka is nearby!
You claw the quokka!
You kill the quokka!
No target in view!
r - a scroll of enchant weapon No target in view!
No target in view!
You fall into a shaft and drop 2 floors!
The shaft crumbles and collapses.
Unknown command.
Found a dagger.
Found a stone staircase leading down.
A wight comes into view. It is wielding a +2 scimitar.
A wight is nearby!
A wight is nearby!
A wight is nearby!
A wight comes into view. It is wielding a +0 scimitar.
A wight comes into view. It is wielding a +0 trident.
As you read the scroll labelled MAUZE FITITRIZ, it crumbles to dust.
It is a scroll of amnesia.
You feel forgetful for a moment.
A wight comes into view. It is wielding a +0 long sword.
Okay, then.
As you read the scroll of teleportation, it crumbles to dust.
You feel strangely unstable. The wight hits you with a +2 scimitar!
You feel drained.
You barely miss the wight. The wight hits you with a +2 scimitar!
The wight closely misses you.
The wight hits you from afar with a +0 trident!
You claw the wight!
The wight is almost destroyed.
The wight closely misses you. The wight hits you with a +2 scimitar!
* * * LOW HITPOINT WARNING * * *
The wight hits you but does no damage.
You scratch the wight but do no damage.
The wight is almost destroyed.
The wight barely misses you. The wight hits you with a +0 scimitar!
You die...

##### ##...# ..
#....####...
###......#....
###.#...........
###.#....#........
#@zzz....#......>.
##z...............
###..#...........
#####..........
#........##
#.....##.# ###...#
. .....) #........


You could see 4 wights.

Vanquished Creatures
  A hound (D:4)
  Terence (D:3)
  Ijyb (D:3)
  An iguana (D:4)
  3 gnolls (D:2)
  2 adders
  3 worms
  An adder skeleton (D:4)
  A dart slug (D:1)
  4 orcs (D:4)
  6 ball pythons
  7 bats
  6 endoplasms
  6 giant cockroaches
  2 goblins (D:3)
  7 hobgoblins
  2 jackals (D:1)
  6 kobolds
  5 quokkas
  6 frilled lizards
  9 rats
80 creatures vanquished.

Notes
Turn   | Place    | Note
-------+----------+-------------------------------------------
     0 | D:1      | kae the Troll Fighter began the quest for the Orb.
     0 | D:1      | Reached XP level 1. HP: 22/22 MP: 0/0
    67 | D:1      | Reached XP level 2. HP: 29/29 MP: 1/1
   358 | D:1      | Found a faded altar of an unknown god.
   436 | D:1      | Reached XP level 3. HP: 36/36 MP: 2/2
   707 | D:2      | Reached skill level 3 in Unarmed Combat
  1119 | D:2      | Reached XP level 4. HP: 33/44 MP: 3/3
  1578 | D:3      | Noticed Ijyb
  1585 | D:3      | Killed Ijyb
  1609 | D:3      | Noticed Terence
  1632 | D:3      | Killed Terence
  1633 | D:3      | Reached skill level 4 in Unarmed Combat
  1633 | D:3      | Reached XP level 5. HP: 40/51 MP: 4/4
  1716 | D:3      | Found a shimmering blue altar of Sif Muna.
  1800 | D:3      | Found a shimmering altar of Xom.
  2218 | D:4      | You fall into a shaft and drop 2 floors!
  2241 | D:6      | Slain by a wight

Illustrated notes

Levels and vault maps discovered:
D:1:      dpeg_arrival_stone_temple_mockup, layout_rooms,
          shapermc_ecumenical_altar_ellora, kennysheep_doodads,
          minmay_misc_feat_more_columns, minmay_cupped
D:2:      layout_basic
D:3:      layout_rooms, lemuel_coloured_pillars_altar,
          nicolae_sif_muna_condensation, uniq_ijyb, uniq_terence
D:4:      kennysheep_the_goblin_king, layout_basic
D:6:      layout_cave_pools, uniq_edmund, uniq_menkaure

Skill      XL: |  1  2  3  4 |
---------------+-------------+-----
Unarmed Combat | 3 4 |  4.5
Fighting       | 3 |  3.4
Dodging        | 3 |  3.4
Shields        | |  2.4

Action                   |  1- 3 |  4- 6 || total
-------------------------+-------+-------++-------
Melee: Unarmed           |   123 |   102 ||   225
  Use: Scroll            |     3 |     8 ||    11
Armor: Robe              |    63 |    28 ||    91
Dodge: Dodged            |    54 |    48 ||   102
Block: Kite shield       |    51 |     7 ||    58

Table legend: (Time is in decaauts)
 A = Elapsed time spent in this place.
 B = Non-inter-level travel time spent in this place.
 C = Inter-level travel time spent in this place.
 D = Time resting spent in this place.
 E = Time spent auto-exploring this place.
 F = Levels seen in this place.
 G = Mean time per level.
                   A        B        C        D        E       F      G
               +--------+--------+--------+--------+--------+-----+--------+
         Total |   2263 |   2204 |     59 |    119 |   1527 |   5 |  452.6 |
       Dungeon |   2263 |   2204 |     59 |    119 |   1527 |   5 |  452.6 |
               +--------+--------+--------+--------+--------+-----+--------+

Top non-repeatable levels by time:
     D:2: 771 daAuts
     D:1: 711 daAuts
     D:3: 489 daAuts
     D:4: 268 daAuts
     D:6: 22 daAuts
